[Event "ICC tourney 2417 (40 10)"]
[Site "Internet Chess Club"]
[Date "2021.02.28"]
[Round "1"]
[White "SHANKAR, PRANAV:pianoboy"]
[Black "VAKHIDOV, JAKHONGIR:TjkTiger"]
[Result "0-1"]
[ICCResult "White checkmated"]
[WhiteElo "1914"]
[BlackElo "2605"]
[Opening "King's Indian: Makagonov system (5.h3)"]
[ECO "E71"]
[NIC "KI.30"]
[Time "11:01:55"]
[PlyCount "28"]
[TimeControl "2400+10"]

1. d4 Nf6 2. c4 g6 3. Nc3 Bg7 4. e4 d6 5. h3 O-O 6. Be3 c5 7. dxc5 Qa5 8.
e5 Ne4 9. Ne2 dxc5 10. Bf4 Nc6 11. Qd5 Nb4 12. Qd1 Rd8 13. Qxd8+ Qxd8 14.
Nxe4 Nc2# { White checkmated } 0-1

[Event "ICC tourney 2417 (40 10)"]
[Site "Internet Chess Club"]
[Date "2021.02.28"]
[Round "1"]
[White "Dragun, Kamil:Dragso95"]
[Black "MASSICK, LAINE:Laine23"]
[Result "1-0"]
[ICCResult "Black resigns"]
[WhiteElo "2607"]
[BlackElo "1920"]
[Opening "Bogo-Indian defense"]
[ECO "E11"]
[NIC "QI.01"]
[Time "11:01:39"]
[PlyCount "51"]
[TimeControl "2400+10"]

1. d4 Nf6 2. c4 e6 3. Nf3 Bb4+ 4. Bd2 Bxd2+ 5. Qxd2 O-O 6. Nc3 d5 7. e3
Nbd7 8. cxd5 exd5 9. Bd3 c6 10. O-O Re8 11. Qc2 h6 12. b4 Nf8 13. b5 cxb5
14. Nxb5 Be6 15. Nc7 Rc8 16. Nxe8 Rxc2 17. Nxf6+ Qxf6 18. Bxc2 Nd7 19. Rfb1
Nb6 20. a4 Qe7 21. Ne5 Qc7 22. Rc1 Qd6 23. Bd3 f6 24. Ng6 Qd7 25. a5 Nc8
26. Rxc8+ { Black resigns } 1-0

[Event "ICC tourney 2417 (40 10)"]
[Site "Internet Chess Club"]
[Date "2021.02.28"]
[Round "1"]
[White "BECKER, ALLEN J:bozone"]
[Black "MAUSKOPF, ROMAN:rmauskopf24"]
[Result "1-0"]
[ICCResult "Black resigns"]
[WhiteElo "2071"]
[BlackElo "1768"]
[Opening "Sicilian: Najdorf, 7...Qb6"]
[ECO "B97"]
[NIC "SI.08"]
[Time "11:01:56"]
[PlyCount "61"]
[TimeControl "2400+10"]

1. e4 c5 2. Nf3 d6 3. d4 cxd4 4. Nxd4 Nf6 5. Nc3 a6 6. Bg5 e6 7. f4 Qb6 8.
a3 Nc6 9. Nb3 Qe3+ 10. Qe2 Qxe2+ 11. Bxe2 Be7 12. O-O-O Bd7 13. Rd2 O-O-O
14. Rhd1 Kb8 15. e5 dxe5 16. Bxf6 Bxf6 17. Rxd7 exf4 18. Ne4 Be5 19. Nec5
Bc7 20. Rxf7 Rxd1+ 21. Kxd1 Rd8+ 22. Ke1 Rg8 23. Nxe6 Be5 24. Nbc5 Nd8 25.
Nxd8 Rxd8 26. Rxb7+ Ka8 27. Bf3 Bf6 28. Rb6+ Ka7 29. Rxa6+ Kb8 30. Ra8+ Kc7
31. Ne6+ { Black resigns } 1-0

[Event "ICC tourney 2417 (40 10)"]
[Site "Internet Chess Club"]
[Date "2021.02.28"]
[Round "1"]
[White "BEEGALA, KESHAV:chessfirelord"]
[Black "DENG, HENRY:SuperPuzzler"]
[Result "0-1"]
[ICCResult "White resigns"]
[WhiteElo "1674"]
[BlackElo "2042"]
[Opening "King's Indian: Sämisch, double fianchetto variation"]
[ECO "E82"]
[NIC "KI.45"]
[Time "11:02:29"]
[PlyCount "56"]
[TimeControl "2400+10"]

1. d4 Nf6 2. c4 g6 3. Nc3 Bg7 4. e4 d6 5. f3 O-O 6. Be3 b6 7. Qd2 c5 8. d5
Re8 9. Bd3 Nbd7 10. Nh3 Ne5 11. Nf2 a6 12. h3 Rb8 13. f4 Nxd3+ 14. Qxd3 b5
15. b3 b4 16. Ne2 Nxe4 17. Rc1 Nxf2 18. Bxf2 e6 19. O-O exd5 20. cxd5 Bd7
21. Rfe1 Bb5 22. Qd2 Qd7 23. Kh1 Bxe2 24. Rxe2 Bc3 25. Qc2 Qb5 26. Re3 Rxe3
27. Bxe3 Re8 28. Qf2 Qd3 { White resigns } 0-1

[Event "ICC tourney 2417 (40 10)"]
[Site "Internet Chess Club"]
[Date "2021.02.28"]
[Round "1"]
[White "BELOUS, VLADIMIR:Openyagami"]
[Black "REMPE, MIEKE:MChessy"]
[Result "1-0"]
[ICCResult "Black resigns"]
[WhiteElo "2601"]
[BlackElo "1900"]
[Opening "English: four knights, Nimzovich variation"]
[ECO "A28"]
[NIC "EO.09"]
[Time "11:01:35"]
[PlyCount "49"]
[TimeControl "2400+10"]

1. c4 Nf6 2. Nc3 e5 3. Nf3 Nc6 4. e4 Bb4 5. d3 O-O 6. a3 Bxc3+ 7. bxc3 d6
8. Be2 Ne8 9. Bg5 f6 10. Bh4 Ne7 11. O-O Ng6 12. Bg3 f5 13. exf5 Bxf5 14.
Qb3 b6 15. c5+ Kh8 16. cxd6 cxd6 17. a4 h5 18. h4 Nf4 19. Bxf4 exf4 20. Ng5
Qf6 21. Bxh5 Bxd3 22. Rfe1 Rc8 23. Re6 Qf5 24. Bg6 Bc4 25. Qd1 { Black
resigns } 1-0

[Event "ICC tourney 2417 (40 10)"]
[Site "Internet Chess Club"]
[Date "2021.02.28"]
[Round "1"]
[White "PANG, ASHLEY:redhawk2020"]
[Black "GUSEINOV, GADIR:GGuseinov"]
[Result "0-1"]
[ICCResult "White resigns"]
[WhiteElo "1954"]
[BlackElo "2715"]
[Opening "Sicilian: Hungarian variation"]
[ECO "B27"]
[NIC "SI.43"]
[Time "11:02:10"]
[PlyCount "96"]
[TimeControl "2400+10"]

1. e4 c5 2. Nf3 g6 3. d4 cxd4 4. Qxd4 Nf6 5. e5 Nc6 6. Qa4 Nd5 7. Qb3 Nc7
8. Bf4 Ne6 9. Bg3 Qa5+ 10. Qc3 Qb6 11. Na3 Bh6 12. Bd3 Qb4 13. Qxb4 Nxb4
14. Bc4 a6 15. c3 Nc6 16. Rd1 b5 17. Bd5 Bb7 18. O-O Nc5 19. Nd4 Na4 20.
Rb1 e6 21. Bf3 O-O-O 22. Nac2 Nb6 23. b3 Nxd4 24. Bxb7+ Kxb7 25. cxd4 Nd5
26. Ne1 Rc8 27. Nd3 Rc2 28. Nc5+ Kc6 29. a4 Ra8 30. f4 Nc3 31. Nd3 Bf8 32.
Rb2 Rxb2 33. Nxb2 Kd5 34. Ra1 Rb8 35. Bf2 bxa4 36. Nxa4 Rxb3 37. Nxc3+ Rxc3
38. g3 Ba3 39. Kg2 Rb3 40. Kh3 h5 41. Ra2 a5 42. Bg1 Rc3 43. Kg2 a4 44. h3
Kc4 45. Bf2 Kb3 46. Ra1 Bb2 47. Rb1 a3 48. Be1 Rc1 { White resigns } 0-1

[Event "ICC tourney 2417 (40 10)"]
[Site "Internet Chess Club"]
[Date "2021.02.28"]
[Round "1"]
[White "LESCHINSKY, GARY:GLeschinsky"]
[Black "HE, HENRY:wangfang75"]
[Result "0-1"]
[ICCResult "White resigns"]
[WhiteElo "2106"]
[BlackElo "1838"]
[Opening "QGD: exchange, positional line"]
[ECO "D35"]
[NIC "QO.16"]
[Time "11:01:32"]
[PlyCount "70"]
[TimeControl "2400+10"]

1. d4 d5 2. c4 e6 3. Nc3 Nf6 4. cxd5 exd5 5. Bg5 Be7 6. e3 h6 7. Bh4 Bf5 8.
Qb3 Nbd7 9. Bg3 Nb6 10. a4 a5 11. Nf3 Ne4 12. Be5 O-O 13. Be2 c6 14. O-O
Bg4 15. Rfd1 Bb4 16. h3 Bh5 17. Bd3 Bxf3 18. gxf3 Ng5 19. Kg2 Qd7 20. Rh1
Rfe8 21. Na2 c5 22. Nxb4 c4 23. Qd1 axb4 24. h4 Ne6 25. a5 cxd3 26. axb6
Rxa1 27. Qxa1 Qb5 28. Qa7 d2 29. Qxb7 Qd3 30. Qc6 Qg6+ 31. Kh2 Rf8 32. Rd1
Qh5 33. Bg3 Ng5 34. Qc2 Nxf3+ 35. Kh1 Ne1 { White resigns } 0-1

[Event "ICC tourney 2417 (40 10)"]
[Site "Internet Chess Club"]
[Date "2021.02.28"]
[Round "1"]
[White "JIN, XIAODONG:SuperWJ"]
[Black "HEBDEN, MARK L:mhebden"]
[Result "0-1"]
[ICCResult "White resigns"]
[WhiteElo "1894"]
[BlackElo "2503"]
[Opening "King's Indian: Averbakh system"]
[ECO "E73"]
[NIC "KI.26"]
[Time "11:01:35"]
[PlyCount "100"]
[TimeControl "2400+10"]

1. d4 Nf6 2. c4 g6 3. Nc3 Bg7 4. e4 d6 5. Be2 O-O 6. Bg5 c6 7. Qd2 a6 8. a4
a5 9. Rd1 Na6 10. f4 Nb4 11. e5 Ne8 12. Nf3 f6 13. Bh4 Bh6 14. exd6 exd6
15. O-O Ng7 16. Bf2 d5 17. cxd5 Nxd5 18. Nxd5 Qxd5 19. Qc3 Be6 20. g3 Rfe8
21. Rfe1 Nf5 22. Bf1 Nd6 23. Nd2 Bf7 24. Bg2 Qf5 25. Qc5 Bf8 26. Qxf5 gxf5
27. Rxe8 Rxe8 28. Re1 Rd8 29. Bf1 Bd5 30. Bd3 Kf7 31. h4 h5 32. Kh2 Be7 33.
Kg1 Rb8 34. Rc1 Ne4 35. Nc4 Bb4 36. Nb6 Be6 37. Bc4 Rg8 38. Kg2 Bd2 39. Rd1
Bxf4 40. d5 cxd5 41. Bxd5 Bxg3 42. Bxg3 Rxg3+ 43. Kh2 Re3 44. Bxe6+ Kxe6
45. Nd5 Re2+ 46. Kg1 Ke5 47. Nc7 Nd2 48. Rc1 f4 49. Nb5 f3 50. Rc5+ Kf4 {
White resigns } 0-1

[Event "ICC tourney 2417 (40 10)"]
[Site "Internet Chess Club"]
[Date "2021.02.28"]
[Round "1"]
[White "GOODMAN, HAYES N:MateOnF7"]
[Black "TANAKA, TYLER TAIRA:Moon-stone123"]
[Result "0-1"]
[ICCResult "White resigns"]
[WhiteElo "1884"]
[BlackElo "2290"]
[Opening "Caro-Kann defense"]
[ECO "B15"]
[NIC "CK.02"]
[Time "11:01:39"]
[PlyCount "77"]
[TimeControl "2400+10"]

1. e4 c6 2. d4 d5 3. Nd2 dxe4 4. Nxe4 Nf6 5. Ng3 g6 6. Nf3 Bg7 7. c3 O-O 8.
Bd3 Qc7 9. O-O c5 10. dxc5 Nbd7 11. b4 Nd5 12. Bb2 Nxb4 13. cxb4 Bxb2 14.
Rb1 Bg7 15. Re1 Nf6 16. Qb3 a5 17. a3 e6 18. Qc4 axb4 19. axb4 Ra3 20. Nd4
Bd7 21. Rb3 Rfa8 22. Rxa3 Rxa3 23. Nb5 Bxb5 24. Qxb5 Nd5 25. Bc4 Bc3 26.
Rd1 Nf6 27. f3 Ra1 28. Rxa1 Bxa1 29. Ne2 Kg7 30. Bd3 Qe5 31. Kf2 Bd4+ 32.
Nxd4 Qxd4+ 33. Ke1 Nd5 34. Qc4 Qa1+ 35. Kf2 Qb2+ 36. Be2 Nxb4 37. h4 Nd5
38. g4 Qe5 39. Kg2 { White resigns } 0-1

[Event "ICC tourney 2417 (40 10)"]
[Site "Internet Chess Club"]
[Date "2021.02.28"]
[Round "1"]
[White "TSAY, VINCENT:coolsportsguy"]
[Black "WANG, JEFFERY:creativechesski"]
[Result "1-0"]
[ICCResult "Black checkmated"]
[WhiteElo "2333"]
[BlackElo "1890"]
[Opening "Queen's pawn: London system"]
[ECO "A45"]
[NIC "QP.07"]
[Time "11:01:33"]
[PlyCount "87"]
[TimeControl "2400+10"]

1. d4 Nf6 2. Bf4 g6 3. Nc3 d5 4. e3 Bg7 5. h4 h5 6. Nf3 c5 7. Nb5 Na6 8. c3
cxd4 9. exd4 O-O 10. Be2 Bd7 11. a4 Re8 12. Ne5 Bf5 13. f3 Nd7 14. O-O Nxe5
15. dxe5 Nc7 16. Nd4 Bd7 17. Bg3 Ne6 18. a5 a6 19. Nxe6 Bxe6 20. Bd3 b6 21.
Qe2 bxa5 22. Bf2 Qc7 23. Bd4 Reb8 24. Ra3 Bd7 25. f4 Bg4 26. Qf2 Qb7 27. f5
gxf5 28. Bxf5 Qxb2 29. Bc2 Be6 30. Rxa5 Qb7 31. Qf3 Qc7 32. Rc5 Qd7 33.
Qxh5 Rc8 34. Rxc8+ Rxc8 35. Qh7+ Kf8 36. h5 f6 37. h6 Bxh6 38. Qxh6+ Ke8
39. Qh8+ Kf7 40. Qh7+ Ke8 41. Bg6+ Kd8 42. Bb6+ Rc7 43. Qh8+ Qe8 44. Qxe8#
{ Black checkmated } 1-0

[Event "ICC tourney 2417 (40 10)"]
[Site "Internet Chess Club"]
[Date "2021.02.28"]
[Round "1"]
[White "YAN, NATHAN:Natey"]
[Black "SLADE, THEODORE LUKE:MrNormalName"]
[Result "0-1"]
[ICCResult "White checkmated"]
[WhiteElo "1853"]
[BlackElo "2166"]
[Opening "Ruy Lopez: open Berlin defense, l'Hermet variation"]
[ECO "C67"]
[NIC "RL.07"]
[Time "11:02:29"]
[PlyCount "128"]
[TimeControl "2400+10"]

1. e4 e5 2. Nf3 Nc6 3. Bb5 Nf6 4. O-O Nxe4 5. d4 Nd6 6. dxe5 Nxb5 7. a4
Nbd4 8. Nxd4 Nxd4 9. Qxd4 d5 10. Qd3 c6 11. Bf4 Be6 12. Nd2 Qd7 13. Nf3 Be7
14. Nd4 O-O 15. Bg3 Rad8 16. f4 c5 17. Nxe6 fxe6 18. Kh1 d4 19. b3 g6 20.
Rad1 Qd5 21. h3 Rd7 22. Bh2 Rc8 23. Bg1 Kh8 24. Qg3 Qe4 25. Qg4 Rc6 26. Rd3
Rd8 27. Bf2 Qf5 28. Qf3 Rf8 29. Bg3 Rc7 30. Bh2 Qf7 31. g4 Qe8 32. Kg1 Qc6
33. Qxc6 Rxc6 34. Rdf3 c4 35. Kf2 cxb3 36. cxb3 Rc2+ 37. Kg3 Rfc8 38. Bg1
Rd2 39. Re1 Rcc2 40. Bf2 d3 41. f5 gxf5 42. gxf5 exf5 43. Rxf5 Kg7 44. Bxa7
Rg2+ 45. Kf3 d2 46. Rd1 Rc1 47. Kxg2 Rxd1 48. e6 Re1 49. Rf7+ Kg6 50. Rxe7
d1=Q 51. Bf2 Qd5+ 52. Kg3 Qd6+ 53. Kg2 Qxe7 54. Bxe1 Qxe6 55. Bg3 Qxb3 56.
a5 Qa2+ 57. Kf3 Qxa5 58. Be1 Qxe1 59. Kf4 b5 60. Kf3 b4 61. Kf4 b3 62. Kf3
b2 63. Kf4 b1=Q 64. Kf3 Qbe4# { White checkmated } 0-1

[Event "ICC tourney 2417 (40 10)"]
[Site "Internet Chess Club"]
[Date "2021.02.28"]
[Round "1"]
[White "Poliannikov, Danila:dopolian"]
[Black "KATSMAN, DAVID:davika21"]
[Result "1-0"]
[ICCResult "Black checkmated"]
[WhiteElo "2266"]
[BlackElo "1883"]
[Opening "Ruy Lopez: Steinitz defense deferred (Russian defense)"]
[ECO "C79"]
[NIC "RL.12"]
[Time "11:01:42"]
[PlyCount "143"]
[TimeControl "2400+10"]

1. e4 e5 2. Nf3 Nc6 3. Bb5 a6 4. Ba4 Nf6 5. O-O d6 6. c3 b5 7. Bc2 Be7 8.
h3 O-O 9. Re1 Na5 10. a4 Bb7 11. d4 exd4 12. cxd4 c5 13. d5 Re8 14. Nbd2
Bf8 15. b3 g6 16. Bb2 Bg7 17. Bd3 b4 18. Qc2 Nd7 19. Rad1 Rc8 20. Nc4 Nxc4
21. Bxc4 Qe7 22. g3 Ne5 23. Nd2 g5 24. Kg2 h5 25. Be2 h4 26. Bxe5 Qxe5 27.
Bg4 Rcd8 28. Nc4 Qf6 29. Ne3 Re5 30. Bf5 Ree8 31. Rd3 a5 32. Nc4 Ba6 33.
Rf3 Qe7 34. Nxa5 Qc7 35. Nc4 Bxc4 36. Qxc4 Be5 37. Re2 Ra8 38. Bg4 Bd4 39.
Rd3 Be5 40. Re1 Qe7 41. Rf1 Ra5 42. Bf5 Qf6 43. Kh1 Qh6 44. Kg2 Qf6 45. Rc1
Qe7 46. Re3 Bb2 47. Rf1 Bd4 48. Rd3 Be5 49. f4 gxf4 50. gxf4 Bd4 51. Kh1
Kh8 52. Qc2 Rg8 53. Qd1 Kg7 54. Rd2 Raa8 55. Rg2+ Kh6 56. Qf3 Qf6 57. Re1
Rg7 58. Rxg7 Qxg7 59. Bg4 Bc3 60. Re2 Qd4 61. Kg2 Rg8 62. Kh2 Qf6 63. Qe3
Bd4 64. Qf3 Bc3 65. Kh1 Qd4 66. e5 dxe5 67. fxe5 Qd1+ 68. Kh2 Bd4 69. Qf6+
Rg6 70. Qh8+ Kg5 71. Qh5+ Kf4 72. Qf5# { Black checkmated } 1-0

[Event "ICC tourney 2417 (40 10)"]
[Site "Internet Chess Club"]
[Date "2021.02.28"]
[Round "1"]
[White "BERKLEY, DARRIN K:drberkley"]
[Black "KERR, JOSHUA MORGAN:AbleCompany"]
[Result "1/2-1/2"]
[ICCResult "Game drawn because neither player has mating material"]
[WhiteElo "1955"]
[BlackElo "1668"]
[Opening "Sicilian: closed"]
[ECO "B23"]
[NIC "SI.44"]
[Time "11:01:35"]
[PlyCount "151"]
[TimeControl "2400+10"]

1. e4 c5 2. Nc3 d6 3. f4 g6 4. Nf3 Bg7 5. Bb5+ Bd7 6. Bxd7+ Qxd7 7. O-O e6
8. d3 Ne7 9. Qe1 O-O 10. Qh4 Nbc6 11. a3 Nd4 12. Nxd4 cxd4 13. Ne2 Rac8 14.
f5 exf5 15. Bh6 Bxh6 16. Qxh6 fxe4 17. dxe4 Rxc2 18. Nxd4 Rxb2 19. Rf3 Qg4
20. Rg3 Qxe4 21. Rd1 Rb1 22. Qd2 Rxd1+ 23. Qxd1 Re8 24. Rd3 d5 25. Nb5 Nf5
26. Nc3 Qe1+ 27. Qxe1 Rxe1+ 28. Kf2 Rh1 29. h3 d4 30. Ne2 Ra1 31. g4 Ne7
32. Nxd4 Nc6 33. Nf3 Kg7 34. Rb3 b6 35. Rc3 Na5 36. g5 Ra2+ 37. Kf1 h6 38.
h4 hxg5 39. hxg5 b5 40. Nd4 a6 41. Rc7 Rxa3 42. Ne6+ Kg8 43. Rc8+ Kh7 44.
Rc7 Rf3+ 45. Ke2 Rf5 46. Nd8 Kg8 47. Rc8 Re5+ 48. Kd1 Kg7 49. Kc2 Rxg5 50.
Rc7 Rf5 51. Ra7 Rf6 52. Rc7 g5 53. Rc5 Kg6 54. Kc3 g4 55. Kb4 Nc4 56. Nc6
Re6 57. Nd8 Re4 58. Rc6+ f6 59. Rxa6 g3 60. Ra1 g2 61. Kxb5 Nd2 62. Rg1 Rg4
63. Ne6 Nf3 64. Rxg2 Rxg2 65. Nf4+ Kf5 66. Nxg2 Kg4 67. Ne3+ Kg3 68. Kc5
Ng5 69. Kd5 Kf4 70. Nc4 Nf7 71. Ke6 f5 72. Kxf7 Ke4 73. Kf6 f4 74. Ne5 Ke3
75. Kf5 f3 76. Nxf3 { Game drawn because neither player has mating material
} 1/2-1/2

[Event "ICC tourney 2417 (40 10)"]
[Site "Internet Chess Club"]
[Date "2021.02.28"]
[Round "2"]
[White "DENG, HENRY:SuperPuzzler"]
[Black "TSAY, VINCENT:coolsportsguy"]
[Result "1-0"]
[ICCResult "Black checkmated"]
[WhiteElo "2042"]
[BlackElo "2333"]
[Opening "French: Tarrasch, open variation"]
[ECO "C07"]
[NIC "FR.18"]
[Time "13:17:24"]
[PlyCount "53"]
[TimeControl "2400+10"]

1. e4 e6 2. d4 d5 3. Nd2 c5 4. Ngf3 cxd4 5. Nxd4 Nc6 6. Nxc6 bxc6 7. Bd3
Nf6 8. O-O Be7 9. b3 O-O 10. Bb2 a5 11. a4 Ba6 12. Bxa6 Rxa6 13. Qe2 Rb6
14. Rad1 Qb8 15. Kh1 Rd8 16. f4 Nxe4 17. Nxe4 dxe4 18. Qxe4 Rd5 19. Rxd5
cxd5 20. Qe3 Rb4 21. Qg3 d4 22. Ba3 Rb7 23. Bxe7 Rxe7 24. Qg5 Qc7 25. h3
Rd7 26. Qb5 Rd5 27. Qe8# { Black checkmated } 1-0

[Event "ICC tourney 2417 (40 10)"]
[Site "Internet Chess Club"]
[Date "2021.02.28"]
[Round "2"]
[White "UDOVENKO, DANIEL ALEXANDER:DanielA1926"]
[Black "JIN, XIAODONG:SuperWJ"]
[Result "0-1"]
[ICCResult "White resigns"]
[WhiteElo "1782"]
[BlackElo "1894"]
[Opening "QGD: 4.Nf3"]
[ECO "D37"]
[NIC "QP.06"]
[Time "13:16:53"]
[PlyCount "64"]
[TimeControl "2400+10"]

1. d4 Nf6 2. Nf3 d5 3. c4 e6 4. Nc3 dxc4 5. e3 a6 6. Bxc4 b5 7. Bd3 Bb7 8.
O-O Nbd7 9. Nd2 c5 10. Be4 Nxe4 11. Ndxe4 b4 12. Nxc5 Nxc5 13. dxc5 bxc3
14. bxc3 Qxd1 15. Rxd1 Bxc5 16. Rb1 Bc6 17. Bb2 O-O 18. c4 Be4 19. Rbc1
Rab8 20. Bd4 Ba3 21. Rc3 Bb4 22. Rcc1 Rfd8 23. Be5 Rbc8 24. Rxd8+ Rxd8 25.
c5 Ba3 26. Rb1 Bxb1 27. h3 Bxc5 28. Bg3 Bxa2 29. Kh2 Bd6 30. h4 Bxg3+ 31.
Kxg3 a5 32. Kf3 a4 { White resigns } 0-1

[Event "ICC tourney 2417 (40 10)"]
[Site "Internet Chess Club"]
[Date "2021.02.28"]
[Round "2"]
[White "REMPE, MIEKE:MChessy"]
[Black "YAN, NATHAN:Natey"]
[Result "0-1"]
[ICCResult "White resigns"]
[WhiteElo "1900"]
[BlackElo "1853"]
[Opening "Ruy Lopez: 5.O-O"]
[ECO "C78"]
[NIC "RL.12"]
[Time "13:16:55"]
[PlyCount "62"]
[TimeControl "2400+10"]

1. e4 e5 2. Nf3 Nc6 3. Bb5 a6 4. Ba4 Nf6 5. O-O b5 6. Bb3 Bc5 7. Nxe5 Nxe5
8. d4 Bxd4 9. Qxd4 d6 10. f4 c5 11. Qd1 Nc6 12. e5 dxe5 13. Qxd8+ Kxd8 14.
Bxf7 Rf8 15. Rd1+ Ke7 16. Bd5 Nxd5 17. Rxd5 exf4 18. Rxc5 Nd4 19. Nc3 Be6
20. Bd2 f3 21. Bg5+ Ke8 22. Ne4 Kf7 23. Rf1 Kg8 24. c3 Ne2+ 25. Kf2 fxg2+
26. Kxg2 Bh3+ 27. Kxh3 Rxf1 28. Re5 Nf4+ 29. Kg3 Ng6 30. Re6 a5 31. Nd6
Rg1+ { White resigns } 0-1

[Event "ICC tourney 2417 (40 10)"]
[Site "Internet Chess Club"]
[Date "2021.02.28"]
[Round "2"]
[White "MASSICK, LAINE:Laine23"]
[Black "GOODMAN, HAYES N:MateOnF7"]
[Result "1-0"]
[ICCResult "Black resigns"]
[WhiteElo "1920"]
[BlackElo "1884"]
[Opening "Ruy Lopez: closed, anti-Marshall 8.a4"]
[ECO "C88"]
[NIC "RL.18"]
[Time "13:16:53"]
[PlyCount "82"]
[TimeControl "2400+10"]

1. e4 e5 2. Nf3 Nc6 3. Bb5 a6 4. Ba4 Nf6 5. O-O Be7 6. Re1 b5 7. Bb3 O-O 8.
a4 Bb7 9. d3 d6 10. Nc3 Na7 11. Be3 c5 12. Ne2 Qc7 13. c3 c4 14. Ba2 cxd3
15. Ng3 Nxe4 16. Nf5 Bf6 17. Qxd3 Nc5 18. Qxd6 Qxd6 19. Nxd6 Bxf3 20. Bxc5
Bh5 21. Nf5 Rfe8 22. Bd5 Rad8 23. Be4 Nc8 24. axb5 axb5 25. Bc6 Re6 26.
Bxb5 Rd5 27. b4 e4 28. Ng3 Bxc3 29. Bc4 Bxa1 30. Rxa1 Rd1+ 31. Rxd1 Bxd1
32. Bxe6 fxe6 33. Nxe4 Ba4 34. f4 h6 35. Kf2 Kf7 36. Ke3 Kg6 37. h3 Kf7 38.
Kd4 Ke8 39. Ke5 Kd7 40. Bf8 Bc6 41. Bxg7 Nd6 { Black resigns } 1-0

[Event "ICC tourney 2417 (40 10)"]
[Site "Internet Chess Club"]
[Date "2021.02.28"]
[Round "2"]
[White "VAKHIDOV, JAKHONGIR:TjkTiger"]
[Black "BECKER, ALLEN J:bozone"]
[Result "1-0"]
[ICCResult "Black resigns"]
[WhiteElo "2605"]
[BlackElo "2071"]
[Opening "English opening"]
[ECO "A13"]
[NIC "EO.64"]
[Time "13:17:09"]
[PlyCount "67"]
[TimeControl "2400+10"]

1. c4 e6 2. Nc3 b6 3. d4 Bb7 4. e4 Bb4 5. f3 Ne7 6. Bd3 O-O 7. Ne2 f5 8.
O-O c5 9. d5 Bxc3 10. Nxc3 exd5 11. exd5 d6 12. Re1 Ng6 13. Qc2 Bc8 14. f4
Na6 15. a3 Nc7 16. Bd2 a6 17. a4 Rb8 18. b3 Bd7 19. Ne2 b5 20. Ng3 bxc4 21.
bxc4 Qf6 22. Bc3 Qf7 23. Nh5 Ne8 24. Re3 Nh4 25. Qe2 Ng6 26. Bc2 Kh8 27.
Re1 Nf6 28. Nxf6 gxf6 29. g3 Rg8 30. Qh5 Rge8 31. Kf2 Kg7 32. Bxf5 Bxf5 33.
Qxf5 Rxe3 34. Rxe3 { Black resigns } 1-0

[Event "ICC tourney 2417 (40 10)"]
[Site "Internet Chess Club"]
[Date "2021.02.28"]
[Round "2"]
[White "SLADE, THEODORE LUKE:MrNormalName"]
[Black "BELOUS, VLADIMIR:Openyagami"]
[Result "0-1"]
[ICCResult "White resigns"]
[WhiteElo "2166"]
[BlackElo "2601"]
[Opening "King's Indian: Kazakh variation"]
[ECO "E91"]
[NIC "KI.19"]
[Time "13:17:48"]
[PlyCount "98"]
[TimeControl "2400+10"]

1. d4 Nf6 2. c4 g6 3. Nc3 Bg7 4. e4 O-O 5. Nf3 d6 6. Be2 Na6 7. O-O e5 8.
Be3 Ng4 9. Bg5 Qe8 10. c5 h6 11. Bc1 exd4 12. Nxd4 dxc5 13. Nb3 Qe6 14.
Bxa6 Qxa6 15. Nxc5 Qc6 16. Qd5 Qb6 17. N3a4 Qb5 18. Nc3 Qe8 19. Bf4 Nf6 20.
Qe5 b6 21. Nb3 Qxe5 22. Bxe5 Re8 23. Bxc7 Nxe4 24. Rfe1 Bb7 25. Nxe4 Bxe4
26. Re2 Rac8 27. Bf4 Bc2 28. Rae1 Rxe2 29. Rxe2 g5 30. Be3 Bd1 31. Re1 Bxb3
32. axb3 Bxb2 33. h4 f6 34. Rd1 Rc7 35. Rd8+ Kf7 36. Bd4 Ke7 37. Bxb2 Kxd8
38. Bxf6+ Ke8 39. hxg5 hxg5 40. Bxg5 Rc2 41. Bf4 Rb2 42. Bb8 a5 43. g4 Rxb3
44. g5 Kf7 45. Kg2 Kg6 46. Bf4 a4 47. f3 a3 48. Kg3 a2 49. Be5 Kxg5 { White
resigns } 0-1

[Event "ICC tourney 2417 (40 10)"]
[Site "Internet Chess Club"]
[Date "2021.02.28"]
[Round "2"]
[White "TANAKA, TYLER TAIRA:Moon-stone123"]
[Black "Dragun, Kamil:Dragso95"]
[Result "0-1"]
[ICCResult "White resigns"]
[WhiteElo "2290"]
[BlackElo "2607"]
[Opening "King's Indian: fianchetto, Larsen system"]
[ECO "A05"]
[NIC "KI.75"]
[Time "13:16:55"]
[PlyCount "78"]
[TimeControl "2400+10"]

1. Nf3 Nf6 2. g3 g6 3. Bg2 Bg7 4. O-O O-O 5. c4 d6 6. Nc3 c6 7. d4 Bf5 8.
Qb3 Qb6 9. Qxb6 axb6 10. Nd2 Na6 11. e4 Bc8 12. a3 Nb4 13. Nb3 Nd3 14. f4
Nxc1 15. Raxc1 e5 16. fxe5 dxe5 17. d5 c5 18. a4 Ne8 19. a5 bxa5 20. Na4
Bh6 21. Rc3 Nd6 22. Nbxc5 b5 23. cxb5 Nxb5 24. Rd3 Nd4 25. Nb6 Ra7 26. d6
Bg4 27. Rf2 Rd8 28. d7 Rc7 29. Nd5 Rxc5 30. Nf6+ Kg7 31. Nxg4 Rxd7 32. Bf1
Bg5 33. h4 h5 34. Nh2 Bc1 35. g4 Rb7 36. gxh5 gxh5 37. Rg3+ Kf8 38. Rf6
Rxb2 39. Ra6 Bf4 { White resigns } 0-1

[Event "ICC tourney 2417 (40 10)"]
[Site "Internet Chess Club"]
[Date "2021.02.28"]
[Round "2"]
[White "KERR, JOSHUA MORGAN:AbleCompany"]
[Black "Gagliano, Ethan A:Percy101"]
[Result "1-0"]
[ICCResult "Black checkmated"]
[WhiteElo "1668"]
[BlackElo "1898"]
[Opening "French: Winawer, advance, poisoned pawn variation"]
[ECO "C18"]
[NIC "FR.11"]
[Time "13:16:56"]
[PlyCount "75"]
[TimeControl "2400+10"]

1. d4 e6 2. e4 d5 3. Nc3 Bb4 4. e5 c5 5. a3 Bxc3+ 6. bxc3 Ne7 7. Qg4 Ng6 8.
Bd3 Qc7 9. Ne2 Nc6 10. Bd2 Bd7 11. h4 Kf8 12. h5 Nge7 13. h6 g6 14. Ng3
cxd4 15. cxd4 Nxe5 16. Qg5 N5c6 17. Qf6 Rg8 18. O-O Re8 19. Rfe1 Nf5 20.
Nxf5 gxf5 21. Bb5 Rg6 22. Qh8+ Ke7 23. Qxh7 Reg8 24. Bf1 Nxd4 25. Bb4+ Kd8
26. Re3 f4 27. Rc3 Bc6 28. Bc5 Nb5 29. Rh3 b6 30. a4 bxc5 31. axb5 Be8 32.
Rha3 Bxb5 33. Rxa7 Bxf1 34. Ra8+ Ke7 35. Rxg8 Rxg8 36. Qxg8 Be2 37. Ra8 Qe5
38. Qd8# { Black checkmated } 1-0

[Event "ICC tourney 2417 (40 10)"]
[Site "Internet Chess Club"]
[Date "2021.02.28"]
[Round "2"]
[White "MAUSKOPF, ROMAN:rmauskopf24"]
[Black "SHANKAR, PRANAV:pianoboy"]
[Result "0-1"]
[ICCResult "White resigns"]
[WhiteElo "1768"]
[BlackElo "1914"]
[Opening "QGD: 6.Nf3"]
[ECO "D55"]
[NIC "QP.08"]
[Time "13:19:08"]
[PlyCount "56"]
[TimeControl "2400+10"]

1. d4 d5 2. c4 e6 3. Nc3 Be7 4. Nf3 Nf6 5. Bg5 O-O 6. e3 a6 7. Rc1 Re8 8.
Bd3 dxc4 9. Bxc4 b5 10. Bd3 Bb7 11. O-O Nbd7 12. Ne5 h6 13. Bf4 Rc8 14. Qe2
c5 15. Rfe1 Nxe5 16. dxe5 Nd5 17. Nxd5 Qxd5 18. e4 Qxa2 19. Bb1 Qa5 20. Qg4
Qc7 21. Re3 Bf8 22. Rh3 g6 23. Qh4 Bg7 24. Qg3 g5 25. Bd2 Qxe5 26. f4 Qxb2
27. Be3 Bd4 28. fxg5 Qxc1+ { White resigns } 0-1